 Dungeon Crawl Stone Soup version 0.24.0-2-g5b39cebb1c (webtiles) character file.

Game seed: 7662120890345804407, levelgen mode: deterministic

28 Mrkan the Conjurer (level 2, 0/23 HPs)
             Began as a Draconian Conjurer on Oct 31, 2019.
             Slain by a hobgoblin (4 damage)
             ... on level 2 of the Dungeon.
             The game lasted 00:02:20 (1595 turns).

Mrkan the Conjurer (Draconian Conjurer)             Turns: 1595, Time: 00:02:20

Health: 0/23       AC:  8    Str: 10    XL:     2   Next: 96%
Magic:  5/5        EV: 12    Int: 15    God:
Gold:   24         SH:  0    Dex: 14    Spells: 5/6 levels left

rFire    . . .     SeeInvis .   a - +0 club
rCold    . . .     Gourm    .   (no shield)
rNeg     . . .     Faith    .   (armour unavailable)
rPois    .         Spirit   .   j - +1 hat
rElec    .         Reflect  .   (no cloak)
rCorr    .         Harm     .   h - +2 pair of gloves
MR       .....                  (no boots)
Stlth    ++........             (no amulet)
HPRegen  0.07/turn              g - +3 ring of dexterity
MPRegen  0.09/turn              (no ring)

@: no status effects
A: unfitting armour, cold-blooded, AC +4
a: no special abilities


You were on level 2 of the Dungeon.
You were not hungry.

You visited 1 branch of the dungeon, and saw 2 of its levels.

You collected 24 gold pieces.

Inventory:

Hand Weapons
 a - a +0 club (weapon)
Armour
 h - a +2 pair of gloves (worn)
 j - a +1 hat (worn)
Jewellery
 d - an uncursed amulet of faith {unknown}
 g - a +3 ring of dexterity (left hand)
Scrolls
 c - 2 scrolls of fear {unknown}
 f - a scroll of teleportation {unknown}
 i - a scroll of remove curse {unknown}
Potions
 e - a potion of lignification {unknown}
Comestibles
 b - 3 rations


   Skills:
 + Level 1.2 Fighting
 + Level 2.1 Dodging
 - Level 1.7 Stealth
 * Level 2.7 Spellcasting
 - Level 4.0 Conjurations


You had 5 spell levels left.
You knew the following spells:

 Your Spells              Type           Power        Failure   Level  Hunger
a - Magic Dart            Conj           ##..         4%          1    #......

Your spell library contained the following spells:

 Spells                   Type           Power        Failure   Level  Hunger
 Searing Ray              Conj           ##....       6%          2    ##.....
 Conjure Flame            Conj/Fire      #.......     26%         3    ###....
 Dazzling Spray           Conj/Hex       #.....       26%         3    ###....
 Blink                    Tloc           N/A          30%         2    ##.....
 Call Imp                 Summ           #.......     30%         2    ##.....
 Slow                     Hex            #.......     30%         2    ##.....
 Mephitic Cloud           Conj/Pois/Air  #.......     34%         3    ###....
 Iskenderun's Mystic Bla  Conj           ##......     36%         4    #####..
 Force Lance              Conj/Tloc      #.......     65%         4    #####..
 Fulminant Prism          Conj/Hex       #.........   65%         4    #####..


Dungeon Overview and Level Annotations

Branches:
Dungeon (2/15)

Altars:
Cheibriados


Innate Abilities, Weirdness & Mutations

Your plain brown scales are hard. (AC +4)
You cannot fit into any form of body armour.
You are cold-blooded and may be slowed by cold attacks.


Message History

The hobgoblin barely misses you.
You hit the worm but do no damage.
The worm is heavily wounded.
The hobgoblin closely misses you. The worm barely misses you.
You hit the worm.
The worm is heavily wounded.
The hobgoblin misses you. The worm closely misses you.
The hobgoblin barely misses you.
You hit the worm.
You tail-slap the worm, but do no damage.
The worm is severely wounded.
The hobgoblin hits you. The worm misses you.
You hit the worm.
The worm is almost dead.
The hobgoblin completely misses you. The worm bites you.
* * * LOW HITPOINT WARNING * * *
You hit the worm.
The worm is almost dead.
The hobgoblin hits you.
You die...

........ .....#.
..#.. #.#.# #### .
### ###.#.# #.#$#%.
+# #.. .....##
.#... .# #.#
###...#.###.# .#
#.# #.....##g###
.## #.# #.##....@#
..###.###.##..#.#w#
..........<...#####
..######..###......
..######..# #######
#.##......#
.....###.##
#.######.#
#........#


You could see a worm and a hobgoblin.

Vanquished Creatures
  A giant cockroach (D:1)
  6 goblins
  A hobgoblin (D:1)
  5 jackals (D:2)
  A ball python (D:1)
  3 bats (D:1)
  3 frilled lizards (D:1)
  4 kobolds (D:1)
  3 rats
27 creatures vanquished.

Notes
Turn   | Place    | Note
-------+----------+-------------------------------------------
     0 | D:1      | Mrkan the Draconian Conjurer began the quest for the Orb.
     0 | D:1      | Reached XP level 1. HP: 14/14 MP: 3/3
   625 | D:1      | Reached XP level 2. HP: 21/22 MP: 5/5
   719 | D:1      | Found a snail-covered altar of Cheibriados.
   793 | D:1      | Reached skill level 1 in Fighting
  1595 | D:2      | Slain by a hobgoblin

Levels and vault maps discovered:
D:1:      wander_arrival_lonely_grave, layout_loops_ring, cheibriados_altar_1
D:2:      layout_loops_corners, bloody_trog, first_ration, minmay_octomino_e4

Skill      XL: |  1  2 |
---------------+-------+-----
Dodging        | 2 |  2.1
Fighting       | 1 |  1.2
Stealth        | |  1.7
Spellcasting   | |  2.7
Conjurations   | |  4.0

Action                   || total
-------------------------++-------
Melee: Unarmed           ||    24
       Club              ||   136
       Tailslap          ||    15
 Stab: Sleeping          ||     2
  Eat: Chunk             ||     2
Armor: Skin              ||   101
Dodge: Dodged            ||   164
